 Dungeon Crawl Stone Soup version 0.31-a0-145-g046c7d2549 (webtiles) character file.

Game seed: 9293687533550721248

1772 lunkers the Carver (level 9, 0/70 HPs)
             Began as a Meteoran Fighter on June 5, 2023.
             Was a Follower of Trog.
             Hit by a boomerang thrown by a kobold (1 damage)
             ... in a bailey.
             The game lasted 00:13:24 (2293 turns).

lunkers the Carver (Meteoran Fighter)               Turns: 2293, Time: 00:13:25

Health: 0/70       AC: 17    Str: 18    XL:     9   Next: 53%
Magic:  10/10      EV:  7    Int: 10    God:    Trog [*.....]
Gold:   234        SH:  5    Dex: 18    Spells: 8/8 levels left

rFire   + . .        a - +1 long sword
rCold   + . .        c - +0 buckler
rNeg    . . .        x - +1 chain mail {rC+}
rPois   .            E - +1 helmet
rElec   .            (no cloak)
rCorr   .            (no gloves)
SInv    .            B - +0 pair of boots
Will    +....        D - amulet of regeneration Stlth
                     e - ring of protection from fire
HPRegen 1.11/turn    G - +4 ring of protection
MPRegen 0.12/turn

%: no passive effects
@: on berserk cooldown, slowed, glowing, very slow
A: sense surroundings 2, otherworldly, glowing, explore regen
a: Renounce Religion, Berserk


You were in a bailey.
You worshipped Trog.
Trog was aware of your devotion.
You visited 1 branch of the dungeon, and saw 7 of its levels.
You also visited: Bailey.

You collected 234 gold pieces.

Inventory:

Hand Weapons
 a - a +1 long sword (weapon)
Missiles
 z - 2 throwing nets
Armour
 c - a +0 buckler (worn)
 x - a +1 chain mail of cold resistance (worn)
 B - a +0 pair of boots (worn)
 E - a +1 helmet (worn)
Jewellery
 e - a ring of protection from fire (left hand)
 f - a ring of protection from cold
 i - a ring of see invisible
 D - an amulet of regeneration (around neck)
 G - a +4 ring of protection (right hand)
Wands
 b - a wand of light (2)
 o - a wand of polymorph (12)
 s - a wand of flame (26)
 F - a wand of iceblast (8)
Scrolls
 r - 2 scrolls of teleportation
 y - a scroll of fog
Potions
 d - a potion of heal wounds
 h - 3 potions of brilliance
 j - a potion of enlightenment
 l - a potion of berserk rage {unknown}
 m - a potion of attraction {unknown}
 n - a potion of magic
 t - a potion of degeneration {unknown}
 w - a potion of haste {unknown}
 A - a potion of ambrosia {unknown}
 C - a potion of resistance {unknown}
 H - 3 potions of curing


   Skills:
 - Level 3.2 Fighting
 + Level 13.6 Long Blades
 - Level 3.6 Armour
 - Level 3.6 Shields


You had 8 spell levels left.
You didn't know any spells.
Your spell library contained the following spells:

 Spells                   Type           Power      Damage    Failure   Level
 Sandblast                Erth           0%         2d4       99%         1
 Passwall                 Tmut/Erth      0%         N/A       100%        2
 Stone Arrow              Conj/Erth      0%         3d7       100%        3
 Swiftness                Air            0%         N/A       100%        3
 Summon Lightning Spire   Summ/Air       0%         N/A       100%        4


Dungeon Overview and Level Annotations

Branches:
Dungeon (7/15) Zot: 1952   Temple (0/1) D:7          Bailey (1/1) Zot: 544

Altars:
Cheibriados
Trog

Shops:
D:2 *

Portals:
Abyss: D:3

Annotations:
D:3 Dittersdorf's ghost, amateur GrFi


Innate Abilities, Weirdness & Mutations

You passively map the area around you.
You are easily found by Zot.
You glow in the dark.
You regain HP and MP as you explore.


Message History

The orc warrior hits you with a +0 war axe!
* * * LOW HITPOINT WARNING * * *
You closely miss the orc knight.
The orc knight is moderately wounded.
The kobold hits you but does no damage.
Unknown command.
You barely miss the orc knight.
The orc knight is moderately wounded.
The kobold throws a boomerang.
You block the boomerang.
The kobold throws a boomerang.
The boomerang hits you but does no damage.
The orc knight hits you with a +0 war axe!!
* * * LOW HITPOINT WARNING * * *
The orc warrior hits you with a +0 war axe.
* * * LOW HITPOINT WARNING * * *
You slash the orc knight!
The orc knight is heavily wounded.
The kobold hits you but does no damage.
The kobold throws a boomerang.
The boomerang closely misses you.
Unknown command.
You slash the orc knight!
The orc knight is severely wounded.
The kobold throws a boomerang.
The boomerang hits you but does no damage.
The orc knight hits you with a +0 war axe.
* * * LOW HITPOINT WARNING * * *
The orc warrior hits you with a +0 war axe.
* * * LOW HITPOINT WARNING * * *
You block the kobold's attack.
You slash the orc knight!
The orc knight is almost dead.
Unknown command.
You closely miss the orc knight.
The orc knight is almost dead.
You are no longer berserk.
You are exhausted.
You feel yourself slow down.
The kobold throws a boomerang.
The boomerang hits you but does no damage.
The kobold throws a boomerang.
The boomerang hits you.
You die...

* ,, ,,, ' * , , *
....⌠... * , * ,......# ,
,, ##.....#,'..###
**##......###...^, , , *
~~≈≈≈≈≈KKKK.#..####+####,.
≈≈≈≈≈≈~≈KK####.......# #
#....K≈≈≈≈≈≈K#.ggo...#K≈
#...Ko@.≈≈≈≈#########≈≈
##...Ko...≈≈≈≈≈≈≈≈≈≈≈≈≈
###...(....≈≈≈≈≈≈≈≈≈#
####.............#*
####......∩..##
###.......## ####.....##
####...## ##...#


You could see an orc knight, an orc warrior (strong) and 10 kobolds.

Vanquished Creatures
  Grinder (D:4)
  Sigmund (D:3)
  Eustachio (D:4)
  A water moccasin (D:6)
  An orc warrior (Bailey)
  A sky beast (D:6)
  A black bear (D:6)
  2 ogres
  2 kobold brigands
  A bullfrog (D:6)
  2 scorpions
  A howler monkey (D:5)
  A hound (D:6)
  A jelly (D:6)
  Jessica (D:2)
  Terence (D:3)
  An orc wizard (D:6)
  4 iguanas
  Natasha (D:4)
  4 adders
  A white imp (D:5)
  An ufetubus (D:5)
  4 dart slugs
  7 orcs
  6 endoplasms
  A giant cockroach (D:3)
  6 goblins
  3 hobgoblins (D:1)
  7 jackals (D:1)
  2 quokkas (D:2)
  4 ball pythons
  4 bats
  3 frilled lizards
  15 kobolds
  7 rats
100 creatures vanquished.

Notes
Turn   | Place    | Note
-------+----------+-------------------------------------------
     0 | D:1      | lunkers the Meteoran Fighter began the quest for the Orb.
     0 | D:1      | Reached XP level 1. HP: 19/19 MP: 2/2
    58 | D:1      | Reached skill level 3 in Long Blades
    58 | D:1      | Reached XP level 2. HP: 15/26 MP: 3/3
   203 | D:1      | Reached XP level 3. HP: 28/31 MP: 4/4
   222 | D:1      | Reached skill level 4 in Long Blades
   422 | D:2      | Found Nuopreu's Assorted Antiques.
   495 | D:2      | Reached XP level 4. HP: 38/38 MP: 5/5
   666 | D:2      | Noticed Jessica
   678 | D:2      | Killed Jessica
   679 | D:2      | Reached skill level 5 in Long Blades
   738 | D:2      | Reached XP level 5. HP: 26/45 MP: 6/6
   877 | D:3      | Found a one-way gate to the infinite horrors of the Abyss.
   877 | D:3      | Noticed Dittersdorf's ghost (amateur GrFi)
   937 | D:3      | Noticed Terence
   943 | D:3      | Killed Terence
   944 | D:3      | Reached skill level 6 in Long Blades
  1089 | D:3      | Noticed Sigmund
  1104 | D:3      | Killed Sigmund
  1105 | D:3      | Reached skill level 7 in Long Blades
  1105 | D:3      | Reached XP level 6. HP: 33/51 MP: 7/7
  1146 | D:4      | You fall into a shaft and drop 1 floor!
  1146 | D:5      | Entered Level 5 of the Dungeon
  1204 | D:5      | Noticed an ogre
  1225 | D:5      | Killed an ogre
  1226 | D:5      | Reached skill level 8 in Long Blades
  1226 | D:5      | Reached XP level 7. HP: 37/57 MP: 8/8
  1327 | D:5      | Got Edaruk's Papyrus of the Tempest
  1360 | D:5      | Reached skill level 9 in Long Blades
  1391 | D:5      | Found a bloodstained altar of Trog.
  1400 | D:5      | Became a worshipper of Trog the Wrathful
  1483 | D:4      | Noticed Natasha
  1488 | D:4      | Found a snail-covered altar of Cheibriados.
  1491 | D:4      | Killed Natasha
  1617 | D:4      | Reached XP level 8. HP: 35/63 MP: 9/9
  1639 | D:4      | Noticed Grinder
  1648 | D:4      | Reached skill level 10 in Long Blades
  1649 | D:4      | HP: 3/63 [poisoned by an adder]
  1650 | D:4      | HP: 1/63 [poisoned by an adder]
  1658 | D:4      | Killed Grinder
  1695 | D:4      | Reached skill level 11 in Long Blades
  1699 | D:4      | Noticed Eustachio
  1711 | D:4      | Killed Eustachio
  1818 | D:6      | Reached * piety under Trog
  1899 | D:6      | Reached skill level 12 in Long Blades
  1899 | D:6      | Gained mutation: You passively map the area around you.
                  | [Meteoran growth]
  1899 | D:6      | Reached XP level 9. HP: 70/70 MP: 10/10
  2090 | D:6      | Reached skill level 13 in Long Blades
  2164 | D:7      | Found a staircase to the Ecumenical Temple.
  2211 | D:7      | Found a flagged portal.
  2224 | Bailey   | Entered a bailey
  2254 | Bailey   | Noticed an orc knight
  2291 | Bailey   | HP: 4/105 [orc knight/+0 war axe (3)]
  2291 | Bailey   | HP: 1/105 [orc warrior/+0 war axe (3)]
  2293 | Bailey   | Hit by a boomerang thrown by a kobold

Illustrated notes

Levels and vault maps discovered:
D:1:      dpeg_arrival_boxorama, layout_loops_cross, minmay_split_cup_small
D:2:      layout_basic, serial_shops, shop, serial_park_tiny_1,
          serial_bayou_crossing, uniq_jessica
D:3:      layout_basic, gammafunk_ghost_abyssal_escape, uniq_terence,
          uniq_sigmund
D:4:      layout_cave_pools, cheibriados_altar_1, serial_park_tiny_2,
          chequers_serial_rivers_micro_c, lexackson_kobold_supper,
          uniq_eustachio, uniq_natasha, uniq_grinder
D:5:      layout_loops_ring, mainiacjoe_overflow_cross_hatched
D:6:      layout_basic
D:7:      layout_basic, mainiacjoe_overflow_six_doors_small,
          minmay_temple_entry_statues_fountains, serial_shops, shop_fountains,
          enter_bailey_5, grunt_ministairs_8, corexii_corridor_pit, uniq_duvessa
Bailey:   bailey_axe_4, bailey

Skill      XL: |  1  2  3  4  5  6  7  8  9 |
---------------+----------------------------+-----
Long Blades    | 3 4 5 7 8 9 12 13 | 13.6
Fighting       | |  3.2
Armour         | |  3.6
Shields        | |  3.6

Action                     |  1- 3 |  4- 6 |  7- 9 || total
---------------------------+-------+-------+-------++-------
  Melee: Long sword        |    85 |    74 |   204 ||   363
 Invoke: Berserk           |       |       |     1 ||     1
  Evoke: Wand              |       |     1 |     6 ||     7
    Use: Potion            |       |     1 |     4 ||     5
         Scroll            |       |       |    11 ||    11
   Stab: Invisible         |       |     2 |     2 ||     4
 Armour: Scale mail        |    59 |    36 |       ||    95
         Chain mail        |       |     9 |   151 ||   160
  Dodge: Dodged            |    60 |    26 |    84 ||   170
  Block: Buckler           |    25 |    18 |    66 ||   109

Table legend: (Time is in decaauts)
 A = Elapsed time spent in this place.
 B = Non-inter-level travel time spent in this place.
 C = Inter-level travel time spent in this place.
 D = Time resting spent in this place.
 E = Time spent auto-exploring this place.
 F = Levels seen in this place.
 G = Mean time per level.
                   A        B        C        D        E       F      G
               +--------+--------+--------+--------+--------+-----+--------+
         Total |   2301 |   2282 |     19 |      0 |      0 |   8 |  287.6 |
       Dungeon |   2247 |   2228 |     19 |      0 |      0 |   7 |  321.0 |
        Bailey |     54 |     54 |      0 |      0 |      0 |   1 |   54.0 |
               +--------+--------+--------+--------+--------+-----+--------+

Top non-repeatable levels by time:
     D:2: 495 daAuts
     D:5: 377 daAuts
     D:1: 357 daAuts
     D:6: 353 daAuts
     D:3: 305 daAuts
     D:4: 293 daAuts
     D:7: 64 daAuts
  Bailey: 54 daAuts
